 Dungeon Crawl Stone Soup version 0.26-a0-597-gb535b0901c (webtiles) character file.

Game seed: 3422817717235603614

(classic levelgen) 3301 EnegeticOcto the Cleaver (level 9, -7/82 HPs)
             Began as a Deep Dwarf Fighter on Aug 26, 2020.
             Was an Initiate of Makhleb.
             Killed from afar by Erica (18 damage)
             ... with a bolt of poison
             ... on level 9 of the Dungeon.
             The game lasted 00:03:00 (3795 turns).

EnegeticOcto the Cleaver (Deep Dwarf Fighter)       Turns: 3795, Time: 00:03:00

Health: -7/82      AC: 13    Str: 22    XL:     9   Next: 70%
Magic:  6/6        EV:  5    Int: 10    God:    Makhleb [......]
Gold:   334        SH: 11    Dex: 12    Spells: 8/8 levels left

rFire    + . .     SeeInvis .   a - +1 war axe
rCold    . . .     Faith    .   c - +0 kite shield
rNeg     . . .     Spirit   .   z - +0 plate armour
rPois    .         Reflect  .   (no helmet)
rElec    .         Harm     .   (no cloak)
rCorr    .                      (no gloves)
MR       +....                  (no boots)
Stlth    ..........             t - amulet of the acrobat
HPRegen  0.00/turn              g - ring of protection from fire
MPRegen  0.10/turn              (no ring)

@: lethally poisoned (-7 -> -7), non-regenerating
A: damage resistance, heal wounds, sense surroundings 2, no regeneration
a: Heal Wounds, Renounce Religion


You were on level 9 of the Dungeon.
You worshipped Makhleb.
Makhleb was noncommittal.
You visited 2 branches of the dungeon, and saw 10 of its levels.

You collected 334 gold pieces.

Inventory:

Hand Weapons
 a - a +1 war axe (weapon)
Armour
 c - a +0 kite shield (worn)
 i - a +0 chain mail
 z - a +0 plate armour (worn)
Jewellery
 g - a ring of protection from fire (left hand)
 t - an amulet of the acrobat (around neck)
Wands
 b - a wand of flame (18) {@v4}
 h - a wand of iceblast (8)
 o - a wand of acid (23) {@v1}
 y - a wand of digging (6) {@v3}
Scrolls
 e - 2 scrolls of enchant weapon
 j - 6 scrolls of remove curse {@r2}
 l - 2 scrolls of blinking
 n - 3 scrolls of teleportation {@r3}
 s - 2 scrolls of silence
 w - a scroll of identify {@r1}
Potions
 d - a potion of might {@q3}
 f - a potion of haste {@q4}
 k - 3 potions of magic
 m - a potion of mutation {unknown}
 p - 2 potions of curing {@q1}
 q - a potion of brilliance {unknown}
 r - 6 potions of flight {unknown}
 v - 2 potions of degeneration {unknown}
 x - a potion of heal wounds {unknown}


   Skills:
 + Level 6.1 Fighting
 * Level 9.6 Axes
 + Level 7.3 Armour
 + Level 7.3 Shields
 + Level 3.3 Invocations


You had 8 spell levels left.
You didn't know any spells.
Your spell library contained the following spells:

 Spells                   Type           Power        Failure   Level
 Shock                    Conj/Air       #...         100%        1
 Swiftness                Air            #.......     100%        2
 Static Discharge         Conj/Air       #.......     100%        3
 Airstrike                Air            #.........   100%        4
 Lightning Bolt           Conj/Air       #.........   100%        5


Dungeon Overview and Level Annotations

Branches:
Dungeon (9/15)             Temple (1/1) D:6
   Lair: D:8-11         Orc: D:9-12

Altars:
Ashenzari
Cheibriados
Elyvilon
Fedhas
Gozag
Hepliaklqana
Kikubaaqudgha
Makhleb
Nemelex Xobeh
Okawaru
Qazlal
Ru
Trog
Uskayaw
Vehumet
Wu Jian
Xom
Yredelemnul
Zin
The Shining One

Shops:
D:4 :   D:7 (   D:8 (

Annotations:
D:9 Erica


Innate Abilities, Weirdness & Mutations

You are resistant to damage.
You can heal yourself by infusing magical energy.
You passively map the area around you.
You do not regenerate.


Message History

You are too injured to fight recklessly!
You are too injured to fight recklessly!
You are too injured to fight recklessly!
You are too injured to fight recklessly!
You feel much better.
Erica hits you with a +3 scimitar of flaming.
Erica burns you.
You feel much better. Erica gestures at you while chanting.
The bolt of poison hits you!
You are more poisoned.
You barely miss Erica.
Erica is moderately wounded.
You feel sick.
Erica gestures wildly while chanting.
Erica flickers and vanishes!
Deactivating autopickup; reactivate with Ctrl-A.
No target in view!
No target in view!
No target in view!
No target in view!
No target in view!
No target in view!
No target in view!
No target in view!
No target in view!
No target in view!
No target in view!
No target in view!
No target in view!
No target in view!
No target in view!
Your magical essence is drained by the effort!
You feel much better.
You feel sick. Something hits you but does no damage.
No target in view!
No target in view!
No target in view!
No target in view!
No target in view!
No target in view!
No target in view!
No target in view!
No target in view!
No target in view!
No target in view!
No target in view!
No target in view!
No target in view!
No target in view!
No target in view!
No target in view!
No target in view!
No target in view!
No target in view!
No target in view!
No target in view!
No target in view!
No target in view!
No target in view!
You closely miss something.
You feel sick. Something hits you. Something burns you.
You barely miss something.
You feel sick. Something hits you but does no damage.
You miss something. Something hits you.
You miss something. Something hits you! Something burns you.
You slash something! You barely miss something. You block something's attack.
You closely miss something.
You hear some strange, mumbled words.
A lance of force appears from out of thin air!
The lance of force hits you!!
You are knocked back by the lance of force.
You slam into the rock wall!
* * * LOW HITPOINT WARNING * * *
You slash something! Something hits you.
* * * LOW HITPOINT WARNING * * *
Something burns you.
You feel much better. Something hits you but does no damage.
You slash something! Something hits you. Something burns you.
You slash something! Something hits you. Something burns you.
You closely miss something. Something hits you!
* * * LOW HITPOINT WARNING * * *
Something burns you.
You closely miss something.
You hear some strange, mumbled words.
Something tries to affect you, but you resist.
You hit something. Something hits you.
* * * LOW HITPOINT WARNING * * *
You closely miss something.
You hear some strange, mumbled words.
Something tries to affect you, but you resist.
You barely miss something. Something hits you!
* * * LOW HITPOINT WARNING * * *
Something burns you.
You hit something.
You hear some strange, mumbled words.
A bolt of poison appears from out of thin air!
The bolt of poison hits you!!
You are more poisoned.
You die...

######### #..
....#####
#.#*#...>...###
#.###.#.###...##
#.##.....#.....##
#{##..#........[##
#@................
#...............#.
####.#####.....##.
#.# #.....##<
###.# #####....
#...# #......#.
#.### #......#.
#.# #......#. #.#
#........


There were no monsters in sight!

Vanquished Creatures
  2 hippogriffs
  Edmund (D:6)
  3 sky beasts
  An orc warrior (D:8)
  2 black bears (D:8)
  2 phantoms
  A necrophage (D:6)
  2 ogres
  A centaur (D:6)
  A big kobold (D:7)
  7 bullfrogs
  A gnoll sergeant (D:8)
  A scorpion (D:8)
  12 wights (D:8)
  A jelly (D:7)
  2 centaur zombies
  4 hounds
  2 orc priests
  An orc wizard (D:8)
  A centaur skeleton (D:8)
  2 worker ants
  10 gnolls
  11 adders
  A shadow imp (D:8)
  A white imp (D:8)
  An ufetubus (D:5)
  3 adder zombies (D:5)
  An adder skeleton (D:5)
  2 leopard geckos
  11 orcs
  6 giant cockroaches
  A hobgoblin (D:1)
  8 jackals
  3 quokkas (D:4)
  A ball python (D:2)
  A bat (D:2)
  5 frilled lizards
  A giant cockroach zombie (D:5)
  2 goblins (D:3)
  A jackal skeleton (D:7)
  5 kobolds
  3 rats
128 creatures vanquished.

Vanquished Creatures (others)
  2 withered plants (D:5)
2 creatures vanquished.

Grand Total: 130 creatures vanquished

Notes
Turn   | Place    | Note
-------+----------+-------------------------------------------
     0 | D:1      | EnegeticOcto the Deep Dwarf Fighter began the quest for the
                  | Orb.
     0 | D:1      | Reached XP level 1. HP: 20/20 MP: 1/1
    79 | D:2      | Reached XP level 2. HP: 22/27 MP: 2/2
   186 | D:3      | Reached skill level 3 in Axes
   186 | D:3      | Reached XP level 3. HP: 18/33 MP: 3/3
   195 | D:3      | Reached XP level 4. HP: 33/42 MP: 4/4
   409 | D:4      | Found Nenniosi's Book Boutique.
   494 | D:4      | Reached skill level 4 in Axes
   494 | D:4      | Reached XP level 5. HP: 26/49 MP: 5/5
   553 | D:4      | Noticed an ogre
   561 | D:4      | Killed an ogre
   702 | D:4      | Reached XP level 6. HP: 53/57 MP: 6/6
   802 | D:4      | Reached skill level 5 in Axes
  1126 | D:5      | Entered Level 5 of the Dungeon
  1129 | D:5      | Found an opulent altar of Gozag.
  1290 | D:5      | Noticed a sky beast
  1290 | D:5      | You fall into a shaft and drop 2 floors!
  1308 | D:7      | Reached XP level 7. HP: 38/64 MP: 5/5
  1333 | D:7      | Reached skill level 5 in Armour
  1333 | D:7      | Reached skill level 5 in Shields
  1560 | D:6      | Reached skill level 6 in Axes
  1580 | D:6      | Noticed Edmund
  1602 | D:6      | Killed Edmund
  1786 | D:5      | You fall into a shaft and drop 3 floors!
  1793 | D:8      | Reached XP level 8. HP: 56/73 MP: 6/6
  1810 | D:8      | Reached skill level 7 in Axes
  1911 | D:8      | Reached skill level 5 in Fighting
  1956 | D:7      | Found an ornate altar of the Wu Jian Council.
  2046 | D:7      | Found Ugginas's Weapon Boutique.
  2346 | D:7      | Reached skill level 8 in Axes
  2698 | D:6      | Gained mutation: You passively map the area around you.
                  | [Deep Dwarf growth]
  2698 | D:6      | Reached XP level 9. HP: 65/80 MP: 7/7
  2704 | D:6      | Found a staircase to the Ecumenical Temple.
  2730 | Temple   | Entered the Ecumenical Temple
  2753 | Temple   | Became a worshipper of Makhleb the Destroyer
  2795 | D:6      | Reached skill level 1 in Invocations
  3109 | D:8      | Reached skill level 9 in Axes
  3370 | D:8      | Found Nenoked's Weapon Emporium.
  3766 | D:9      | Noticed Erica
  3795 | D:9      | Killed from afar by Erica

Illustrated notes

Levels and vault maps discovered:
D:1:      ebering_trefoil_twist, layout_rooms, nemelex_diamond_rough_becter
D:2:      layout_basic
D:3:      layout_loops_ring
D:4:      layout_loops_corners, serial_shops, nicolae_shop_waterfront,
          hangedman_decor_riveting
D:5:      layout_basic, serial_undead, serial_undead_f, serial_undead_d,
          serial_undead_b, serial_undead_e, nicolae_gozag_seed_capital
D:6:      layout_cave_pools, minmay_temple_entry_trees, uniq_edmund
D:7:      layout_basic, overflow_temple_1_default, serial_shops,
          nicolae_shop_behind_doors
D:8:      layout_loops_ring, serial_shops, kennysheep_mini_moat
D:9:      layout_loops_cross, uniq_erica
Temple:   dpeg_three_leaves_temple

Skill      XL: |  1  2  3  4  5  6  7  8  9 |
---------------+----------------------------+-----
Axes           | 3 4 5 6 8 9 |  9.6
Fighting       | 3 4 5 6 |  6.1
Armour         | 4 5 6 7 |  7.3
Shields        | 4 5 6 7 |  7.3
Invocations    | 3 |  3.3

Action                   |  1- 3 |  4- 6 |  7- 9 || total
-------------------------+-------+-------+-------++-------
Melee: War axe           |    43 |   189 |   361 ||   593
 Abil: Heal Wounds       |     1 |     6 |    18 ||    25
  Use: Scroll            |       |     5 |     6 ||    11
Armor: Scale mail        |    27 |     2 |       ||    29
       Chain mail        |       |   115 |   160 ||   275
       Plate armour      |       |       |     8 ||     8
Dodge: Dodged            |    34 |    56 |    97 ||   187
Block: Kite shield       |    30 |   125 |   186 ||   341

Table legend: (Time is in decaauts)
 A = Elapsed time spent in this place.
 B = Non-inter-level travel time spent in this place.
 C = Inter-level travel time spent in this place.
 D = Time resting spent in this place.
 E = Time spent auto-exploring this place.
 F = Levels seen in this place.
 G = Mean time per level.
                   A        B        C        D        E       F      G
               +--------+--------+--------+--------+--------+-----+--------+
         Total |   3945 |   3673 |    272 |      9 |   2537 |  10 |  394.5 |
       Dungeon |   3909 |   3650 |    259 |      9 |   2537 |   9 |  434.3 |
        Temple |     36 |     24 |     12 |      0 |      0 |   1 |   36.0 |
               +--------+--------+--------+--------+--------+-----+--------+

Top non-repeatable levels by time:
     D:7: 940 daAuts
     D:4: 832 daAuts
     D:8: 796 daAuts
     D:6: 514 daAuts
     D:5: 328 daAuts
     D:3: 177 daAuts
     D:2: 133 daAuts
     D:9: 131 daAuts
     D:1: 54 daAuts
  Temple: 36 daAuts
